 Dungeon Sprint DCSS version 0.17.1-3-g152610e (webtiles) character file.

1100000 Groucho the Slayer (level 15, -25/151 HPs)
             Began as a Merfolk Fighter on Apr 27, 2016.
             Annihilated by a meat berserker
             ... wielding a +9 battleaxe
              (53 damage)
             ... in the Dungeon (Sprint VIII: "Arena of Blood").
             The game lasted 00:00:32 (11 turns).

Groucho the Slayer (Merfolk Fighter)                  Turns: 11, Time: 00:00:32

Health: -25/151    AC: 10    Str: 17    XL:     15   Next: 17%
Magic:  15/15      EV: 10    Int:  8    God:
Gold:   0          SH:  0    Dex: 19    Spells: 0 memorised, 14 levels left

rFire  . . .     SeeInvis .     l - +∞ Axe of Woe
rCold  . . .     Clarity  .     b - +0 scale mail
rNeg   . . .     SustAt   .     (shield currently unavailable)
rPois  .         Gourm    .     (no helmet)
rElec  .         Spirit   .     (no cloak)
rCorr  .         Warding  .     (no gloves)
rMut   .         NoTele   +     (no boots)
MR     +....                    (no amulet)
Stlth  ..........               (no ring)
                                (no ring)

@: somewhat resistant to hostile enchantments, extremely unstealthy
A: change form in water, swift swim
a: no special abilities


You were in the Dungeon.
You were not hungry.

You visited 1 branch

Inventory:

Hand Weapons
 a - a +0 war axe
 l - the +∞ Axe of Woe (weapon)
   (You found it in the Dungeon)
Armour
 b - a +0 scale mail (worn)
 c - a +0 shield
Scrolls
 k - a scroll of blinking
Potions
 d - a potion of might
 f - a potion of curing
 g - a potion of heal wounds
 h - a potion of haste
 i - 2 potions of magic
 j - a potion of berserk rage
Comestibles
 e - a bread ration


   Skills:
 + Level 23.8 Fighting
 + Level 11.3 Axes
 + Level 17.9 Armour
 + Level 21.5 Shields


You had 14 spell levels left.
You didn't know any spells.

Dungeon Overview and Level Annotations

Branches:
Dungeon (1/1)

Altars:
Makhleb


Message History

Your Fighting skill increases to level 22!
Your Axes skill increases to level 10!
Your Armour skill increases to level 17!
Your Shields skill increases to level 20!
You slice the bag of meat!!
You fatally mangle the bag of meat.
You kill the bag of meat!
Your Fighting skill increases to level 23!
Your Axes skill increases to level 11!
Your Shields skill increases to level 21!
You have reached level 15!
Your experience leads to an increase in your attributes!
Increase (S)trength, (I)ntelligence, or (D)exterity?
You feel agile.
You feel clever.
You hear a shout! x5
The meat berserker appears out of thin air!
A meat berserker comes into view. It is wielding a +9 battleaxe.
The meat berserker rages.
You hear a shout! x6
The meat berserker hits you with a +9 battleaxe!!!
You die...

.. .. .. .. #.
.# #.. ..#
.###.. ..###.
......###......
....o.o@OO.....
....#..o..#....
. #_.<._# .
#.....#
....._.....
......###......
.###.. ..###.
#.. ..# #.. ..#


You could see 2 meat berserkers and 3 bags of meat.

Vanquished Creatures
  5 orcs (D)
5 creatures vanquished.

Notes
Turn   | Place    | Note
--------------------------------------------------------------
     0 | D        | Groucho the Merfolk Fighter began the quest for the Orb.
     0 | D        | Reached XP level 1. HP: 18/18 MP: 1/1
     2 | D        | Noticed a bag of meat
     4 | D        | Noticed a bag of meat
     4 | D        | Noticed a bag of meat
     4 | D        | Noticed a bag of meat
     5 | D        | Noticed a bag of meat
     6 | D        | Noticed a bag of meat
     8 | D        | Noticed a bag of meat
     8 | D        | Noticed a bag of meat
     9 | D        | Noticed a bag of meat
     9 | D        | Killed a bag of meat
     9 | D        | Reached skill level 17 in Fighting
     9 | D        | Reached skill level 15 in Shields
     9 | D        | Reached XP level 2. HP: 21/47 MP: 2/2
     9 | D        | Reached XP level 3. HP: 23/53 MP: 3/3
     9 | D        | Reached XP level 4. HP: 26/61 MP: 4/4
     9 | D        | Reached XP level 5. HP: 28/67 MP: 5/5
     9 | D        | Reached XP level 6. HP: 30/74 MP: 6/6
     9 | D        | Reached XP level 7. HP: 32/80 MP: 7/7
     9 | D        | Reached XP level 8. HP: 35/88 MP: 8/8
     9 | D        | Reached XP level 9. HP: 37/94 MP: 9/9
     9 | D        | Reached XP level 10. HP: 39/101 MP: 10/10
     9 | D        | Reached XP level 11. HP: 41/107 MP: 11/11
     9 | D        | Reached XP level 12. HP: 44/115 MP: 12/12
    10 | D        | Killed a bag of meat
    10 | D        | Reached skill level 19 in Fighting
    10 | D        | Reached XP level 13. HP: 47/127 MP: 13/13
    10 | D        | Killed a bag of meat
    10 | D        | Reached skill level 21 in Fighting
    10 | D        | Reached XP level 14. HP: 49/138 MP: 14/14
    11 | D        | Noticed a meat berserker
    11 | D        | Killed a bag of meat
    11 | D        | Reached skill level 22 in Fighting
    11 | D        | Reached skill level 10 in Axes
    11 | D        | Killed a bag of meat
    11 | D        | Reached skill level 23 in Fighting
    11 | D        | Reached XP level 15. HP: 27/151 MP: 15/15
    11 | D        | Annihilated by a meat berserker

Action                   |  1- 3 |  4- 6 |  7- 9 | 10-12 | 13-15 || total
-------------------------+-------+-------+-------+-------+-------++-------
Melee: Executioner's axe |     1 |       |       |     1 |     1 ||     3
